[Event "*** Titled Tuesday Blitz"]
[Site "Chess.com"]
[Date "2020.11.24"]
[Round "9"]
[White "cstevens1"]
[Black "DishonorOnYourCow"]
[Result "1-0"]
[WhiteElo "2586"]
[BlackElo "2449"]
[TimeControl "180+1"]
[EndTime "12:01:09 PST"]
[Termination "cstevens1 won by resignation"]

1. e4 c5 2. Nf3 d6 3. d4 cxd4 4. Nxd4 Nf6 5. f3 e5 6. Nb3 Be6 7. c4 a5 8. Be3 Nc6 9. Be2 a4 10. N3d2 Be7 11. O-O O-O 12. Na3 Nd7 13. Ndb1 f5 14.
exf5 Bxf5 15. Nc3 Kh8 16. Nab5 Nc5 17. Qd2 Ne6 18. Nd5 Ra6 19. Rfd1 e4 20. f4 Nb8 21. Nxe7 Qxe7 22. Nxd6 Bg6 23. c5 Nc6 24. Bxa6 bxa6 25.
Rac1 Rd8 26. f5 Bh5 27. fxe6 Bxd1 28. Rxd1 Qxe6 29. Qd5 Qf6 30. Qxc6 1-0

[Event "*** Titled Tuesday Blitz"]
[Site "Chess.com"]
[Date "2020.11.24"]
[Round "9"]
[White "KetiGrant"]
[Black "Sueetin"]
[Result "1-0"]
[WhiteElo "2405"]
[BlackElo "2277"]
[TimeControl "180+1"]
[EndTime "12:01:10 PST"]
[Termination "KetiGrant won by resignation"]

1. e4 c5 2. Nf3 e6 3. d4 cxd4 4.
Nxd4 Nc6 5. Nc3 Qc7 6. Be3 a6 7. Qd2 Nf6 8. O-O-O b5 9. Bf4 e5 10. Nxc6 exf4 11. e5 dxc6 12. exf6 gxf6 13. Ne4 Be6 14.
Nxf6+ Ke7 15. Qc3 Bh6 16. Ne4 f3+ 17. Kb1 Rhd8 18. Qc5+ 1-0

[Event "*** Titled Tuesday Blitz"]
[Site "Chess.com"]
[Date "2020.11.24"]
[Round "9"]
[White "Oleksandr_Bortnyk"]
[Black "1977Ivan"]
[Result "1-0"]
[WhiteElo "2893"]
[BlackElo "2683"]
[TimeControl "180+1"]
[EndTime "12:01:12 PST"]
[Termination "Oleksandr_Bortnyk won by resignation"]

1. d4 Nf6 2. Nc3 d5 3. Bf4 g6 4. e3 Bg7 5. h4 O-O 6. h5 c5 7. hxg6 fxg6 8. Nf3 Nc6 9. dxc5 Qa5 10. Qd2 Qxc5 11.
O-O-O Bg4 12. Be2 Ne4 13. Nxe4 dxe4 14. Ng5 Bf5 15. Qd5+ Qxd5 16. Rxd5 h6 17. Bc4 Kh8 18. Rb5 e5 19. Bg3 a6 20. Rxb7 Nd8 21. Rxh6+ 1-0

[Event "*** Titled Tuesday Blitz"]
[Site "Chess.com"]
[Date "2020.11.24"]
[Round "9"]
[White "alexrustemov"]
[Black "Aureliano-Buendia"]
[Result "1-0"]
[WhiteElo "2650"]
[BlackElo "2484"]
[TimeControl "180+1"]
[EndTime "12:01:12 PST"]
[Termination "alexrustemov won by resignation"]

1. d4 d5 2. c4 e5 3. dxe5 d4 4. Nf3 Nc6 5. g3 Be6 6. Nbd2 Qd7 7. Bg2 O-O-O 8. O-O Bh3 9. Nb3 h5 10. Bg5 Be7 11. Qd2 h4 12. Bxh4 Bxh4 13. Nxh4 Rxh4 14. gxh4 Bxg2 15. Kxg2 Qg4+ 16. Kh1 Qxh4 17. Rg1 Nge7 18. Rg2 Nxe5 19. Qg5 Qxg5 20. Rxg5 N7g6 21. Rd1 d3 22. exd3 Nxd3 23. Rd2 Ngf4 24. Rxg7 Nxf2+ 25. Rxf2 1-0

[Event "*** Titled Tuesday Blitz"]
[Site "Chess.com"]
[Date "2020.11.24"]
[Round "9"]
[White "PattyCastillo"]
[Black "03revilo"]
[Result "1-0"]
[WhiteElo "2048"]
[BlackElo "2297"]
[TimeControl "180+1"]
[EndTime "12:01:12 PST"]
[Termination "PattyCastillo won by resignation"]

1. d4 d5 2. Nf3 e6 3. e3 c5 4. Bd3 Nf6 5. b3 Nc6 6. Bb2 Be7 7. O-O O-O 8. Nbd2 b6 9. Ne5 Bb7 10. f4 Rc8 11. a3 cxd4 12. exd4 Nxe5 13. fxe5 Ne4 14. Qe2 Nc3 15. Qh5 g6 16. Qg4 Qc7 17. h4 Ne4 18. Nf3 h5 19. Qh3 a5 20. Rae1 Ra8 21.
Ng5 Bf6 22. exf6 1-0

[Event "*** Titled Tuesday Blitz"]
[Site "Chess.com"]
[Date "2020.11.24"]
[Round "9"]
[White "PowerThinking2650"]
[Black "juancruzarias"]
[Result "1-0"]
[WhiteElo "2403"]
[BlackElo "2546"]
[TimeControl "180+1"]
[EndTime "12:01:14 PST"]
[Termination "PowerThinking2650 won by resignation"]

1. e4 e6 2. d4 d5 3. Nd2 Be7 4. Ngf3 Nf6 5. e5 Nfd7 6. Bd3 c5 7. c3 Nc6 8. O-O a5 9. Re1 cxd4 10. cxd4 g5 11. g4 h5 12. h3 hxg4 13. hxg4 Qb6 14. Qa4 Qc7 15. Kg2 Nb6 16. Qc2 Bd7 17. Nb3 a4 18.
Nc5 Nb4 19. Qe2 Nxd3 20. Nxd3 Bb5 21. Be3 Rc8 22. Rac1 Qd7 23. Qd2 Nc4 24. Qe2 Nxb2 25. Qxb2 Bxd3 26. Rh1 Be4 27. Rxh8+ Bf8 28. Rxc8+ Qxc8 29. Qb4 Kd7 30. Rxf8 1-0

[Event "*** Titled Tuesday Blitz"]
[Site "Chess.com"]
[Date "2020.11.24"]
[Round "9"]
[White "bylavochka"]
[Black "northridgehawk"]
[Result "1-0"]
[WhiteElo "2165"]
[BlackElo "2264"]
[TimeControl "180+1"]
[EndTime "12:01:18 PST"]
[Termination "bylavochka won by checkmate"]

1. e4 e5 2. Nf3 Nc6 3. Bc4 Nf6 4.
d3 Bc5 5. O-O d6 6. h3 h6 7. c3 a6 8. b4 Ba7 9. a4 g5 10. b5 axb5 11. axb5 Ne7 12. Be3 Bxe3 13. Rxa8 Bb6 14. Qb3 O-O 15. Nbd2 Ng6 16. d4 Nh5 17. Rd1 Nhf4 18. Nf1 h5 19. Ng3 g4 20. hxg4 Bxg4 21. Rxd8 Rxd8 22. Bxf7+ Kg7 23. Nf5+ Kf6 24. dxe5+ Nxe5 25. Nxe5 Bxd1 26. Qxd1 Kxe5 27. g3 Nh3+ 28. Kg2 Nxf2 29. Qd5+ Kf6 30. Qe6+ Kg5 31. Qg6# 1-0

[Event "*** Titled Tuesday Blitz"]
[Site "Chess.com"]
[Date "2020.11.24"]
[Round "9"]
[White "zala02"]
[Black "No_t_ime_to_die"]
[Result "0-1"]
[WhiteElo "2168"]
[BlackElo "2430"]
[TimeControl "180+1"]
[EndTime "12:01:20 PST"]
[Termination "No_t_ime_to_die won by resignation"]

1. d4 Nf6 2. c4 c5 3. d5 b5 4.
cxb5 a6 5. bxa6 g6 6. Nc3 Bg7 7. e4 O-O 8. Nf3 Qa5 9. Bd2 Bxa6 10. Be2 Bxe2 11. Qxe2 Qa6 12. Qxa6 Nxa6 13. e5 Ng4 14. Bf4 Nb4 15. Ke2 d6 16. exd6 exd6 17. h3 Rfe8+ 18.
Kf1 Nd3 19. Bxd6 Ngxf2 20. Rh2 Bxc3 21. bxc3 Ne4 22. Bc7 Nxc3 23. g4 Nxd5 24. Rd2 Nxc7 25. Rxd3 Nb5 26. Rd5 Rec8 27. Rc1 Rxa2 28. Rdxc5 Rxc5 29.
Rxc5 Nd6 30. Rd5 Ne4 31. Ne5 Ng3+ 32. Kg1 f6 33. Nd7 Kf7 34. Rb5 Ne2+ 35. Kf2 Nd4+ 0-1

[Event "*** Titled Tuesday Blitz"]
[Site "Chess.com"]
[Date "2020.11.24"]
[Round "9"]
[White "DarZay"]
[Black "anon481216"]
[Result "0-1"]
[WhiteElo "2122"]
[BlackElo "2402"]
[TimeControl "180+1"]
[EndTime "12:01:20 PST"]
[Termination "anon481216 won by resignation"]

1. e4 c5 2. Nf3 e6 3. d4 cxd4 4. Nxd4 Nc6 5. Nc3 Qc7 6. Nxc6 bxc6 7. Be3 d5 8. exd5 cxd5 9. Bb5+ Bd7 10. Bxd7+ Qxd7 11. O-O Nf6 12. Re1 Be7 13. Bd4 O-O 14. Qf3 Rab8 15.
Rad1 Rfc8 16. Be5 Rb7 17. h3 Qc6 18. Rd3 h6 19. a3 Nd7 20. b4 Nxe5 21. Rxe5 Bf6 22.
Ree3 d4 23. Ne4 dxe3 24. Nxf6+ gxf6 25. Rd8+ Kh7 26. Qxf6 Rxd8 27. Qxd8 exf2+ 28. Kxf2 Qxc2+ 29. Kg1 Qc1+ 30. Kh2 Qf4+ 31. Kg1 Rc7 32. Qd3+ f5 33.
g3 Rc1+ 34. Kg2 Qe4+ 35. Qxe4 fxe4 0-1

[Event "*** Titled Tuesday Blitz"]
[Site "Chess.com"]
[Date "2020.11.24"]
[Round "9"]
[White "BillCoe"]
[Black "Mikasinski"]
[Result "0-1"]
[WhiteElo "2085"]
[BlackElo "2330"]
[TimeControl "180+1"]
[EndTime "12:01:22 PST"]
[Termination "Mikasinski won by resignation"]

1. e4 c5 2. Nf3 d6 3. d4 cxd4 4.
Nxd4 Nf6 5. Nc3 g6 6. f3 Bg7 7.
Be3 O-O 8. Qd2 Nc6 9. O-O-O Qd7 10. g4 Ne5 11. h4 h5 12. g5 Ne8 13. f4 Nc6 14. Bh3 Qd8 15. f5 Ne5 16. fxg6 fxg6 17. Ne6 Bxe6 18. Bxe6+ Kh7 19. Rdf1 Nc7 20. Bb3 Qd7 21. Nd5 Ne6 22. Kb1 Ng4 23. Nf4 Nxf4 24. Bxf4 Qc6 25. Bd5 Qb6 26. c3 Rac8 27. Be6 Rxc3 28.
Bxg4 hxg4 29. h5 Rf3 30. hxg6+ Kxg6 31. Rxf3 gxf3 32. Qh2 Qxb2+ 33. Qxb2 Bxb2 34. Kxb2 Rxf4 35. Rf1 Kxg5 36. Kc3 Kg4 37. Kd3 Kg3 38. Ke3 f2 0-1

[Event "*** Titled Tuesday Blitz"]
[Site "Chess.com"]
[Date "2020.11.24"]
[Round "9"]
[White "VinzentSpitzl"]
[Black "Vladislav_Chizhikov"]
[Result "1/2-1/2"]
[WhiteElo "2383"]
[BlackElo "2524"]
[TimeControl "180+1"]
[EndTime "12:01:23 PST"]
[Termination "Game drawn by agreement"]

1. e4 e6 2. d4 d5 3. Nd2 dxe4 4. Nxe4 Nd7 5. Nf3 Ngf6 6. Bd3 Nxe4 7. Bxe4 Nf6 8. Bg5 Be7 9. Bd3 c5 10. O-O Qb6 11.
dxc5 Bxc5 12. Bxf6 gxf6 13. Qe2 Bd7 14. c3 a5 15.
Rfd1 Bc6 16. Rd2 a4 17. Be4 h5 18. Bxc6+ Qxc6 19. Nd4 Bxd4 20. Rxd4 Ke7 21. Rc4 Qb6 22.
Rb4 Qc6 23. Rc4 Qb6 24. Rb4 Qc6 25. Re1 Ra5 26. Qe4 Qxe4 27. Rexe4 b5 28. c4 Rd8 29. g3 bxc4 30. Rexc4 Rd1+ 31. Kg2 a3 32. bxa3 Rxa3 33.
Rc7+ Rd7 34. Rxd7+ Kxd7 35. Rh4 Rxa2 36. Rxh5 f5 37.
Rh8 Ke7 38. h4 Kf6 39. Rb8 1/2-1/2

[Event "*** Titled Tuesday Blitz"]
[Site "Chess.com"]
[Date "2020.11.24"]
[Round "9"]
[White "FLamps8"]
[Black "Tpros"]
[Result "1-0"]
[WhiteElo "2503"]
[BlackElo "2582"]
[TimeControl "180+1"]
[EndTime "12:01:25 PST"]
[Termination "FLamps8 won by resignation"]

1. d4 Nf6 2. Bf4 d6 3. Nc3 g6 4. e4 h6 5. Qd2 g5 6. Bg3 Nh5 7. Bc4 e6 8. Nge2 Nd7 9. h4 g4 10. Nf4 Ndf6 11. O-O-O a6 12. e5 dxe5 13. dxe5 Qxd2+ 14. Rxd2 Nxf4 15. exf6 e5 16. Re1 Be6 17. Rxe5 Bd6 18.
Re4 Nxg2 19. Bxd6 cxd6 20. Bxe6 fxe6 21. Rxg4 Ne1 22. Rxd6 Kf7 23. Ne4 Rag8 24. Rd7+ Kf8 25. Rd8+ Kf7 26. Nd6+ Kxf6 27. Rdxg8 1-0

[Event "*** Titled Tuesday Blitz"]
[Site "Chess.com"]
[Date "2020.11.24"]
[Round "9"]
[White "tan275"]
[Black "TheKingDoctor"]
[Result "1-0"]
[WhiteElo "2197"]
[BlackElo "2087"]
[TimeControl "180+1"]
[EndTime "12:01:32 PST"]
[Termination "tan275 won by resignation"]

1. d4 Nf6 2. c4 g6 3. g3 Bg7 4. Bg2 O-O 5. Nf3 c6 6. O-O d6 7. Nc3 Bf5 8. Ne1 d5 9. cxd5 cxd5 10.
Qb3 Nc6 11. Qxb7 Nxd4 12. Be3 Rb8 13. Qxa7 Nc2 14. Nxc2 Bxc2 15. Rac1 Rxb2 16. Qa3 Qb8 17. Nxd5 Nxd5 18. Bxd5 Bf5 19. Qxe7 Rxe2 20. Rc7 Qe8 21. Qxe8 Rxe8 22. Bxf7+ Kf8 23. Bc5+ 1-0

[Event "*** Titled Tuesday Blitz"]
[Site "Chess.com"]
[Date "2020.11.24"]
[Round "9"]
[White "frequentblunders"]
[Black "akanga001"]
[Result "1-0"]
[WhiteElo "2075"]
[BlackElo "1942"]
[TimeControl "180+1"]
[EndTime "12:01:37 PST"]
[Termination "frequentblunders won by resignation"]

1. e3 c5 2. c4 Nf6 3. d4 e6 4. Nf3 b6 5. Nc3 d5 6. Ne5 Be7 7. f4 O-O 8. g4 Ne4 9. g5 f6 10.
gxf6 gxf6 11. Rg1+ Kh8 12. Nxe4 fxe5 13. Ng5 Bxg5 14.
fxg5 exd4 15. exd4 Qd6 16. g6 hxg6 17. Rxg6 Qxh2 18.
Rh6+ Qxh6 19. Bxh6 Rf7 20. Qh5 1-0

[Event "*** Titled Tuesday Blitz"]
[Site "Chess.com"]
[Date "2020.11.24"]
[Round "9"]
[White "Ariadna_Atreides"]
[Black "TurboSteen"]
[Result "1-0"]
[WhiteElo "2094"]
[BlackElo "1964"]
[TimeControl "180+1"]
[EndTime "12:01:48 PST"]
[Termination "Ariadna_Atreides won on time"]

1. d4 Nf6 2. Nf3 g6 3. c3 Bg7 4. Nbd2 O-O 5. e4 d6 6. Bd3 Nc6 7. O-O e5 8. d5 Ne7 9. Nc4 Nh5 10. Bg5 f6 11. Bd2 f5 12. Ng5 h6 13. Ne6 Bxe6 14. dxe6 Nf4 15. Bxf4 exf4 16. exf5 Nxf5 17. Re1 Qf6 18.
Qg4 Rae8 19. Qxf4 Rxe6 20. Nd2 Rfe8 21. Bc4 Kh7 22. Bxe6 Rxe6 23. Rxe6 Qxe6 24. h3 Qe2 25. Rb1 h5 26. Nf3 Bh6 27. Ng5+ Kg7 28. h4 1-0

[Event "*** Titled Tuesday Blitz"]
[Site "Chess.com"]
[Date "2020.11.24"]
[Round "9"]
[White "Kislov_Oleg"]
[Black "redbaron8888"]
[Result "1-0"]
[WhiteElo "2396"]
[BlackElo "2519"]
[TimeControl "180+1"]
[EndTime "12:01:51 PST"]
[Termination "Kislov_Oleg won by resignation"]

1. e4 e6 2. d4 d5 3. Nc3 Bb4 4. exd5 exd5 5. Bd3 Nc6 6. Ne2 Nge7 7. O-O O-O 8. Bg5 f6 9. Bh4 Bf5 10. Bg3 Bd6 11.
Bxf5 Nxf5 12. Qd3 Nxg3 13. fxg3 Ne7 14. Nf4 Bxf4 15. gxf4 Qd7 16. Rae1 Rfe8 17. Re2 Nf5 18. Rfe1 Rxe2 19. Rxe2 c6 20. g4 Nd6 21. f5 h5 22.
h3 hxg4 23. hxg4 Re8 24. Kg2 Kf8 25. Qh3 Rxe2+ 26. Nxe2 Nf7 27. Nf4 Ng5 28. Qh8+ Kf7 29. Nh5 Ke7 30. Qxg7+ Nf7 31. Qxf6+ Kf8 32. g5 Qe8 33.
Qg7+ Ke7 34. g6 1-0

[Event "*** Titled Tuesday Blitz"]
[Site "Chess.com"]
[Date "2020.11.24"]
[Round "9"]
[White "SchieberSpieler"]
[Black "PlotnikovPavel"]
[Result "1-0"]
[WhiteElo "2353"]
[BlackElo "2459"]
[TimeControl "180+1"]
[EndTime "12:01:53 PST"]
[Termination "SchieberSpieler won by checkmate"]

1. Nf3 d6 2. d4 Nf6 3. c4 g6 4. g3 Bg7 5. Bg2 O-O 6. O-O Nbd7 7.
Qc2 e5 8. Rd1 Qe7 9. Nc3 c6 10.
e4 h6 11. h3 b6 12. Be3 Bb7 13. d5 cxd5 14. cxd5 Rac8 15. Nd2 Nc5 16. b4 Na6 17.
Qb3 Nc7 18. a4 Rfd8 19. Nc4 Ba6 20. b5 Bb7 21. a5 bxa5 22. Nxa5 Ba8 23. Nc6 Bxc6 24.
dxc6 a6 25. b6 Ne6 26. c7 Rf8 27. b7 Rxc7 28. b8=Q Rxb8 29. Qxb8+ Kh7 30. Nd5 Nxd5 31. exd5 Nd4 32. Rxa6 Rc2 33. Qxd6 Qb7 34. Qb6 Qc8 35. Be4 Qxh3 36. Bxd4 exd4 37. Bxg6+ fxg6 38. Qxg6+ Kh8 39. Qxc2 Bf8 40. Qg6 Qd7 41. Qf6+ Bg7 42. Ra8+ Kh7 43. Qe6 Qb7 44. Re8 h5 45. Qe4+ Kh6 46. Re6+ Kg5 47.
Rg6# 1-0

[Event "*** Titled Tuesday Blitz"]
[Site "Chess.com"]
[Date "2020.11.24"]
[Round "9"]
[White "TC2304"]
[Black "ajedrezhoy"]
[Result "0-1"]
[WhiteElo "2317"]
[BlackElo "2230"]
[TimeControl "180+1"]
[EndTime "12:01:53 PST"]
[Termination "ajedrezhoy won by resignation"]

1. d4 c5 2. d5 Nf6 3. Nc3 g6 4. e4 d6 5. Nf3 Bg7 6. Be2 O-O 7. O-O Na6 8. Re1 Nc7 9. h3 a6 10. a4 b6 11. Bf4 Rb8 12. Bh2 b5 13. axb5 axb5 14.
Bf1 b4 15. Nb1 Nd7 16. e5 Nxe5 17. Nxe5 Bxe5 18. Bxe5 dxe5 19. Rxe5 Qd6 20. Re1 Nxd5 21. Nd2 Be6 22. Ne4 Qc6 23. Ng5 Nc7 24. Nxe6 Nxe6 25. Bc4 Rbd8 26. Qc1 Rd6 27. Ra6 Qc7 28. Rxd6 Qxd6 29.
Bxe6 fxe6 30. Qe3 Rf6 31. Re2 Kf7 32. Qh6 Qd1+ 33. Kh2 Qxe2 34. Qxh7+ Ke8 35. Qg8+ Kd7 0-1

[Event "*** Titled Tuesday Blitz"]
[Site "Chess.com"]
[Date "2020.11.24"]
[Round "9"]
[White "mapleaff"]
[Black "HaryKane"]
[Result "0-1"]
[WhiteElo "2402"]
[BlackElo "2582"]
[TimeControl "180+1"]
[EndTime "12:01:55 PST"]
[Termination "HaryKane won by checkmate"]

1. d4 e6 2. Nf3 f5 3. c4 Nf6 4. Bg5 h6 5. Bxf6 Qxf6 6. Nc3 Bb4 7. Rc1 O-O 8. e3 b6 9. a3 Bxc3+ 10. Rxc3 Bb7 11. c5 Nc6 12. Be2 Rac8 13. O-O Ne7 14. cxb6 axb6 15. Qc1 Nd5 16. Rc2 d6 17. Bb5 Rf7 18.
Bc6 Bxc6 19. Rxc6 Rcf8 20. Ne1 f4 21. e4 Ne7 22. Rxc7 Qxd4 23. Rc4 Qf6 24. Nf3 Ng6 25.
Rd1 Ne5 26. Nxe5 dxe5 27. f3 Kh7 28. Rc6 b5 29. Rdd6 Re8 30. Qc2 Qh4 31. Qf2 Qf6 32. Qd2 Rb7 33. Rd7 Rxd7 34. Qxd7 Rd8 35. Qxe6 Rd1+ 36.
Kf2 Qh4+ 37. g3 Qxh2# 0-1

[Event "*** Titled Tuesday Blitz"]
[Site "Chess.com"]
[Date "2020.11.24"]
[Round "9"]
[White "kleopl"]
[Black "tteshan"]
[Result "1-0"]
[WhiteElo "2510"]
[BlackElo "2371"]
[TimeControl "180+1"]
[EndTime "12:01:56 PST"]
[Termination "kleopl won by checkmate"]

1. c4 c5 2. Nf3 Nc6 3. Nc3 g6 4. e3 Bg7 5. d4 cxd4 6. exd4 d6 7. Be2 Bg4 8. d5 Bxf3 9. Bxf3 Nd4 10. O-O Nxf3+ 11.
Qxf3 Nf6 12. Be3 Qa5 13. Rfc1 O-O 14. Bd4 Rac8 15. b3 Nd7 16. Bxg7 Kxg7 17. Qe2 Rfe8 18. Nb5 a6 19. Nd4 Qc5 20. Qb2 Kg8 21. Rc2 Ne5 22. Rd1 h5 23. h3 Qc7 24. a4 Nd7 25. Re2 Nc5 26. Qd2 Rcd8 27. Rde1 Qd7 28. Qh6 Rb8 29. b4 Nxa4 30. Ne6 fxe6 31. Rxe6 Rec8 32. Rxg6+ Kf7 33. Qh7+ Ke8 34. Rg8# 1-0

[Event "*** Titled Tuesday Blitz"]
[Site "Chess.com"]
[Date "2020.11.24"]
[Round "9"]
[White "Road2GM3000"]
[Black "Matols"]
[Result "1-0"]
[WhiteElo "2032"]
[BlackElo "2216"]
[TimeControl "180+1"]
[EndTime "12:01:56 PST"]
[Termination "Road2GM3000 won on time"]

1. d4 Nf6 2. c4 e6 3. Nc3 Bb4 4. Nf3 O-O 5. Bg5 d5 6. e3 Nbd7 7. Qc2 h6 8. Bh4 c5 9. a3 Bxc3+ 10. bxc3 b6 11. cxd5 exd5 12. Bd3 Re8 13. O-O Qc7 14. Bg3 Qc6 15. Ne5 Nxe5 16. Bxe5 Ne4 17. a4 f6 18. Bb5 Qe6 19. Bxe8 fxe5 20. Bh5 Bb7 21. Bf3 Rf8 22.
Bxe4 dxe4 23. Rab1 exd4 24. cxd4 cxd4 25. exd4 Qg4 26.
Qb3+ Kh8 27. Qg3 Qd7 28. Rbc1 Qxd4 29. Rc7 Bd5 30. Rd7 Rf6 31. Qb8+ Kh7 32. Qd8 Rf5 33. Qe7 e3 34. Qxe3 Qg4 35. Qg3 Qd4 36. h4 Qf6 37. Rd1 Be4 38. R7d6 Qb2 39. Qg6+ 1-0

[Event "*** Titled Tuesday Blitz"]
[Site "Chess.com"]
[Date "2020.11.24"]
[Round "9"]
[White "Loy_Konstantin"]
[Black "bazar-wokzal"]
[Result "0-1"]
[WhiteElo "2381"]
[BlackElo "2525"]
[TimeControl "180+1"]
[EndTime "12:01:57 PST"]
[Termination "bazar-wokzal won on time"]

1. e4 c5 2. Nf3 d6 3. d4 cxd4 4. Qxd4 e5 5. Bb5+ Nd7 6. Qd3 a6 7. Bxd7+ Bxd7 8. O-O Rc8 9. Nc3 h6 10. Rd1 Nf6 11. b3 Qc7 12. Nd5 Nxd5 13. Qxd5 Be6 14. Qd3 Qxc2 15. Ba3 Qxd3 16. Rxd3 Rc6 17. Rad1 f6 18.
Bxd6 Bxd6 19. Rxd6 Rxd6 20. Rxd6 Ke7 21. Rb6 Bc8 22. Kf1 Rd8 23. Ke2 Kd7 24. Rb4 b5 25. a4 Kc6 26. axb5+ axb5 27. Ne1 Kc5 28. Nc2 Be6 29. g3 g5 30. f3 Ra8 31. Kd3 Ra2 0-1

[Event "*** Titled Tuesday Blitz"]
[Site "Chess.com"]
[Date "2020.11.24"]
[Round "9"]
[White "svilson23"]
[Black "ChronicUnhappiness"]
[Result "1-0"]
[WhiteElo "2252"]
[BlackElo "2339"]
[TimeControl "180+1"]
[EndTime "12:01:58 PST"]
[Termination "svilson23 won on time"]

1. e4 Nf6 2. Nc3 d6 3. d4 g6 4. f4 Bg7 5. Nf3 c5 6. dxc5 Qa5 7. Bd3 Qxc5 8. Qe2 O-O 9. Be3 Qa5 10. O-O Nc6 11. h3 Nb4 12. Bc4 b5 13. Bxb5 Bb7 14.
a3 Nc6 15. b4 Qc7 16. Nd5 Nxd5 17. exd5 Nxb4 18. axb4 Bxa1 19. Rxa1 Bxd5 20. c4 Bc6 21.
Ba6 Rab8 22. Qd2 e5 23. f5 Bxf3 24. gxf3 Qd7 25. Qd3 gxf5 26. Kh2 Kh8 27. Bg5 f6 28. Bh4 f4 29. Rg1 Rxb4 30. Bb5 Qe7 31. Rg2 1-0

[Event "*** Titled Tuesday Blitz"]
[Site "Chess.com"]
[Date "2020.11.24"]
[Round "9"]
[White "VladimirBugayev"]
[Black "enriquebutti"]
[Result "0-1"]
[WhiteElo "2294"]
[BlackElo "2000"]
[TimeControl "180+1"]
[EndTime "12:02:00 PST"]
[Termination "enriquebutti won on time"]

1. e4 c5 2. Nc3 Nc6 3. Bb5 Nd4 4. Nf3 Nxb5 5. Nxb5 e6 6. d4 a6 7. Nc3 cxd4 8.
Qxd4 Qc7 9. Be3 b5 10. O-O-O Bb7 11. g3 Rc8 12. Rd2 Nf6 13. Bf4 d6 14. Qd3 b4 15.
Nd5 exd5 16. exd5 Be7 17. Re1 O-O 18. Rde2 Nxd5 19. Ng5 Bxg5 20. Bxg5 Qc4 21. Qf5 Qxa2 22. Be7 Nxe7 23. Rxe7 Qa1+ 24. Kd2 Qxb2 25. Rxb7 Qc3+ 26. Kd1 a5 27. Ree7 Rc5 28. Qe4 Re5 29. Rxe5 dxe5 30. Qd5 a4 31. Qd6 a3 32. Rb8 Qd4+ 33. Qxd4 exd4 34.
Rxb4 Ra8 35. Rb1 Kf8 36. Kd2 Ke7 0-1

[Event "*** Titled Tuesday Blitz"]
[Site "Chess.com"]
[Date "2020.11.24"]
[Round "9"]
[White "sboshaon21"]
[Black "oykuince"]
[Result "1-0"]
[WhiteElo "2094"]
[BlackElo "1942"]
[TimeControl "180+1"]
[EndTime "12:02:03 PST"]
[Termination "sboshaon21 won by resignation"]

1. d4 Nf6 2. c4 e6 3. Nf3 b6 4. Nc3 Bb4 5. Qc2 Bb7 6. Bg5 O-O 7. e3 h6 8. Bh4 d6 9. Be2 Nbd7 10. O-O Bxc3 11.
Qxc3 g5 12. Bg3 Ne4 13. Qc2 f5 14. Nd2 Nxg3 15. hxg3 g4 16. e4 Qg5 17. exf5 exf5 18.
Bd3 Rae8 19. Rae1 Rxe1 20. Rxe1 h5 21. Re6 d5 22. b3 c5 23. dxc5 Nxc5 24. Re5 Nxd3 25.
Qxd3 dxc4 26. Qxc4+ Kh8 27. Nf1 Be4 28. Qc7 Qc1 29.
Qxc1 1-0

[Event "*** Titled Tuesday Blitz"]
[Site "Chess.com"]
[Date "2020.11.24"]
[Round "9"]
[White "BocharovD"]
[Black "champ2005"]
[Result "1/2-1/2"]
[WhiteElo "2833"]
[BlackElo "3008"]
[TimeControl "180+1"]
[EndTime "12:02:06 PST"]
[Termination "Game drawn by repetition"]

1. d4 f5 2. c4 Nf6 3. Nf3 g6 4. e3 Bg7 5. b4 d6 6. Bb2 O-O 7. Be2 c6 8. O-O Nbd7 9. a4 h6 10. Qb3 Kh7 11. Nbd2 Qe8 12. c5 Nd5 13. Nc4 Rf6 14.
Rfe1 Nf8 15. b5 Qd8 16. Qa3 g5 17. Bd3 Ng6 18. Rac1 g4 19. Nfd2 a6 20. bxc6 bxc6 21. e4 Ndf4 22. exf5 Bxf5 23. Bxf5 Rxf5 24. cxd6 exd6 25.
Nxd6 Rh5 26. Rxc6 Nxg2 27. Kxg2 Nf4+ 28. Kh1 Rxh2+ 29. Kxh2 Qh4+ 30. Kg1 Nh3+ 31. Kh1 Nf4+ 32. Kg1 Nh3+ 33. Kh1 Nf4+ 34. Kg1 1/2-1/2

[Event "*** Titled Tuesday Blitz"]
[Site "Chess.com"]
[Date "2020.11.24"]
[Round "9"]
[White "keepitcoming"]
[Black "Limelight2727"]
[Result "1-0"]
[WhiteElo "2363"]
[BlackElo "1948"]
[TimeControl "180+1"]
[EndTime "12:02:07 PST"]
[Termination "keepitcoming won on time"]

1. d4 Nf6 2. c4 g6 3. Nc3 d5 4. cxd5 Nxd5 5. e4 Nxc3 6. bxc3 Bg7 7. Bc4 c5 8. Ne2 O-O 9. O-O Nc6 10. Be3 b6 11. Rb1 Bb7 12. dxc5 Ne5 13. Bd5 Bxd5 14. exd5 bxc5 15. Bxc5 Qc7 16. Bd4 Rfd8 17. Nf4 Rac8 18. Re1 Nc4 19. Bxg7 Qxf4 20. Bd4 Rxd5 21. Rxe7 a5 22. Qe2 Nd6 23. Re1 f5 24. Qe6+ 1-0

[Event "*** Titled Tuesday Blitz"]
[Site "Chess.com"]
[Date "2020.11.24"]
[Round "9"]
[White "CraiggoryC"]
[Black "2346PL"]
[Result "0-1"]
[WhiteElo "2171"]
[BlackElo "2442"]
[TimeControl "180+1"]
[EndTime "12:02:10 PST"]
[Termination "2346PL won by resignation"]

1. e4 c5 2. Nf3 e6 3. d4 cxd4 4. Nxd4 a6 5. Bd3 Nf6 6. O-O Bc5 7. Nb3 Ba7 8. c4 Qc7 9. Nc3 Nc6 10. Qe2 h5 11. h3 d6 12. Be3 Bxe3 13. Qxe3 Bd7 14. f4 O-O 15. Rae1 Nb4 16. e5 Nxd3 17. exf6 Nxe1 18.
Qg3 g6 19. Qg5 Kh7 20. Ne4 Qxc4 21. Rxe1 Bc6 22. Nbd2 Qd5 23. Qh4 Qf5 24. Ng5+ Kh6 25. g4 Qxf4 26. Ngf3 Bxf3 27. Nxf3 Qxf3 28. g5+ Kh7 0-1

[Event "*** Titled Tuesday Blitz"]
[Site "Chess.com"]
[Date "2020.11.24"]
[Round "9"]
[White "tylityli"]
[Black "halldorgretar"]
[Result "1-0"]
[WhiteElo "2324"]
[BlackElo "2172"]
[TimeControl "180+1"]
[EndTime "12:02:10 PST"]
[Termination "tylityli won by resignation"]

1. d4 Nf6 2. c4 g6 3. Nc3 d5 4.
cxd5 Nxd5 5. Bd2 Bg7 6. e4 Nxc3 7. Bxc3 c5 8. d5 Bxc3+ 9. bxc3 O-O 10. Be2 Qa5 11. Qd2 Nd7 12. Nf3 Nf6 13. O-O Nxe4 14. Qh6 Qxc3 15. Rfe1 Qg7 16. Qe3 Nc3 17. Bc4 b5 18. Ne5 b4 19. Qxc5 a5 20. Qxe7 Bf5 21. d6 Rfe8 22. Bxf7+ Kh8 23. Bxe8 Qxe7 24. dxe7 Rxe8 25.
Nf7+ Kg7 26. Nd6 Bd7 27. Nxe8+ Bxe8 28. Re3 a4 29. a3 Nd5 30. Re5 Bc6 1-0

[Event "*** Titled Tuesday Blitz"]
[Site "Chess.com"]
[Date "2020.11.24"]
[Round "9"]
[White "AsaHoffmann"]
[Black "pastouche06"]
[Result "0-1"]
[WhiteElo "2389"]
[BlackElo "2524"]
[TimeControl "180+1"]
[EndTime "12:02:11 PST"]
[Termination "pastouche06 won by resignation"]

1. d4 d5 2. Bg5 f6 3. Bf4 c5 4. e3 Nc6 5. Nf3 Bg4 6. Bb5 Qb6 7. Nc3 e6 8. O-O cxd4 9. exd4 Bb4 10. Rb1 a6 11.
Bxc6+ Qxc6 12. h3 Bh5 13. g4 Bf7 14. Ne2 Ne7 15. c3 Bd6 16. Qd2 O-O 17. Rfe1 Ng6 18. Bxd6 Qxd6 19. Kg2 e5 20. Ng3 e4 21. Ng1 Be6 22.
Qe3 f5 23. gxf5 Bxf5 24. Nxf5 Rxf5 25. Qg3 Qf6 26. Kh1 Rxf2 27. Ne2 Rf8 28. Ng1 Nh4 29.
Rbd1 Rg2 30. Qxg2 Nxg2 31. Kxg2 Qf2+ 32. Kh1 Qxb2 33. c4 Rf2 0-1